Map: Vaani Research Station (Void)

Players

Musumeci - Winner!

  • Race: Zerg Zerg
  • League: Diamond
  • Spawn Location: 6:00

chevapGG

  • Race: Protoss Protoss
  • League: Diamond
  • Spawn Location: 12:00

VOD

Have the link to the VOD?

Description

Time

  • Played on: Jan. 7, 2017, 2:55 p.m.
  • Length: 13:06
Show
View Real Time Build Order
Export as new Build Order

Musumeci Zerg - Winner!

Build Orders: Hatch First 

Get SALT Encoding   

  12  0:00  Drone  
  13  0:08  Drone  
  14  0:18  Overlord  
  14  0:25  Drone, Extractor  
  15  0:37  Drone x2  
  17  0:58  Hatchery  
  17  1:03  Drone x2  
  18  1:23  Spawning Pool, Extractor  
  18  1:24  Drone  
  17  1:31  Drone  
  19  1:32  Drone  
  19  1:37  Drone  
  20  1:49  Overlord  
  20  2:09  Queen  
  20  2:10  Zergling x2  
  20  2:14  Zergling x4  
  25  2:21  Drone  
  26  2:23  Queen  
  28  2:40  Drone x3  
  31  2:52  Hatchery  
  29  3:07  Zergling x2  
  29  3:08  Zergling x4  
  32  3:14  Drone  
  32  3:15  Drone x2, Baneling Nest  
  33  3:26  Spore Crawler  
  30  3:41  Drone x5  
  35  3:45  Spore Crawler  
  35  3:46  Spore Crawler  
  34  3:52  Zergling x4  
  35  4:16  Zergling x12  
  40  4:25  Hatchery  
  40  4:30  Zergling x6  
  41  4:33  Metabolic Boost  
  41  4:37  Drone  
  42  4:39  Overlord  
  42  4:50  Overlord  
  42  4:51  Overlord  
  42  4:58  Drone x4  
  46  5:06  Zergling x8  
  49  5:13  Baneling  
  49  5:14  Baneling x3  
  47  5:17  Zergling x2  
  47  5:18  Zergling x4  
  47  5:27  Baneling x4  
  42  5:52  Zergling x16  
  42  5:53  Zergling x16  
  52  5:58  Drone  
  52  6:03  Drone  
  54  6:10  Evolution Chamber  
  52  6:12  Baneling x2  
  52  6:13  Baneling  
  52  6:17  Queen, Drone  
  52  6:18  Evolution Chamber  
  54  6:27  Baneling x4  
  54  6:31  Zergling x4  
  54  6:32  Zergling x2  
  51  6:47  Zergling x14  
  51  6:48  Zergling x12  
  60  7:00  Queen  
  60  7:03  Drone  
  60  7:10  Zerg Melee Weapons Level 1  
  60  7:12  Drone  
  61  7:43  Drone x5  
  66  7:53  Overlord x4  
  66  7:57  Lair, Extractor  
  65  7:59  Hatchery  
  63  8:10  Drone x3  
  63  8:11  Drone x5  
  67  8:21  Extractor x2  
  67  8:23  Baneling x6  
  67  8:24  Baneling  
  67  8:25  Baneling x4  
  65  8:28  Drone x3  
  65  8:33  Drone x4  
  65  8:34  Drone  
  73  8:38  Drone x2  
  70  9:02  Zergling x16  
  65  9:03  Zergling x8  
  65  9:06  Centrifical Hooks  
  69  9:10  Drone x5  
  69  9:11  Queen  
  69  9:12  Drone  
  77  9:21  Zergling x2  
  77  9:22  Zergling x10  
  83  9:24  Baneling x4  
  83  9:28  Zerg Melee Weapons Level 2  
  83  9:31  Drone x4  
  87  9:33  Overlord  
  87  9:38  Zerg Ground Armor Level 1  
  76  10:07  Zergling x12  
  76  10:08  Zergling x18  
  90  10:18  Spire  
  90  10:20  Extractor x2  
  87  10:22  Zergling x20  
  97  10:32  Baneling  
  97  10:33  Baneling x7  
  97  10:34  Baneling x8  
  97  10:37  Drone x3  
  97  10:42  Zergling x2  
  101  10:43  Zergling x8  
  103  10:54  Zergling x2  
  103  10:55  Zergling x22  
  107  11:03  Drone x3  
  110  11:20  Extractor  
  110  11:21  Extractor  
  108  11:37  Mutalisk x2  
  111  11:40  Overlord x8  
  111  11:58  Overlord x4  
  111  11:59  Mutalisk x10  
  129  12:28  Mutalisk x4  
  129  12:29  Mutalisk x2  
  115  12:46  Zergling x20  
  115  12:47  Zergling x14  
Show
View Real Time Build Order
Export as new Build Order

chevapGG Protoss 

Build Orders:  

Get SALT Encoding   

  12  0:01  Probe (Chrono Boost)  
  13  0:12  Probe (Chrono Boost)  
  14  0:19  Pylon  
  14  0:22  Probe (Chrono Boost)  
  15  0:38  Probe (Chrono Boost)  
  15  0:40  Gateway  
  16  0:48  Probe (Chrono Boost)  
  17  0:51  Assimilator  
  17  0:59  Probe (Chrono Boost)  
  18  1:09  Gateway, Probe (Chrono Boost)  
  19  1:18  Assimilator  
  19  1:20  Probe (Chrono Boost)  
  20  1:31  Cybernetics Core  
  20  1:32  Probe (Chrono Boost)  
  21  1:51  Pylon, Probe (Chrono Boost)  
  21  1:53  Warp Gate  
  22  2:02  Probe (Chrono Boost)  
  23  2:09  Adept x2  
  27  2:28  Stargate, Probe (Chrono Boost)  
  28  2:54  Nexus  
  28  3:09  Probe (Chrono Boost)  
  29  3:15  Robotics Facility  
  30  3:21  Probe (Chrono Boost)  
  30  3:40  Pylon  
  28  3:44  Twilight Council  
  28  3:46  Gateway  
  28  3:47  Probe (Chrono Boost)  
  29  3:49  Gateway  
  29  3:59  Gateway, Probe (Chrono Boost)  
  29  4:01  Adept  
  32  4:36  Adept x2  
  36  4:39  Resonating Glaives  
  36  4:48  Robotics Bay  
  36  4:57  Adept x2  
  36  4:58  Adept x2  
  44  5:38  Adept x5  
  54  5:49  Pylon  
  54  5:50  Probe (Chrono Boost)  
  54  5:51  Pylon  
  54  5:52  Probe (Chrono Boost)  
  46  6:00  Probe (Chrono Boost)  
  46  6:04  Probe (Chrono Boost)  
  48  6:07  Adept  
  48  6:08  Adept x4  
  42  7:09  Adept  
  42  7:10  Adept x3  
  42  7:13  Nexus  
  50  7:18  Pylon  
  50  7:21  Mothership Core (Chrono Boost)  
  42  7:26  Sentry  
  44  7:35  Robotics Bay  
  44  7:36  Assimilator, Probe (Chrono Boost)  
  44  7:40  Assimilator  
  44  7:41  Probe (Chrono Boost)  
  45  7:45  Pylon  
  45  7:46  Adept  
  45  7:47  Adept x2  
  45  7:48  Adept, Probe (Chrono Boost)  
  54  8:12  Sentry  
  56  8:13  Adept x3  
  56  8:18  Probe x2 (Chrono Boost)  
  64  8:29  Pylon  
  64  8:30  Probe (Chrono Boost), Colossus  
  64  8:33  Pylon  
  65  8:36  Probe (Chrono Boost)  
  65  8:38  Probe (Chrono Boost)  
  76  8:48  Probe (Chrono Boost)  
  76  8:50  Probe x2 (Chrono Boost)  
  76  8:59  Probe (Chrono Boost)  
  76  9:02  Probe (Chrono Boost)  
  62  9:03  Adept x3  
  62  9:07  Probe (Chrono Boost)  
  62  9:09  Probe (Chrono Boost)  
  70  9:10  Extended Thermal Lance  
  70  9:14  Probe (Chrono Boost)  
  71  9:19  Probe (Chrono Boost)  
  71  9:20  Probe (Chrono Boost)  
  71  9:21  Forge  
  73  9:39  Adept x4  
  77  10:17  Pylon  
  77  10:19  Pylon  
  77  10:20  Pylon  
  77  10:30  Nexus  
  77  10:32  Colossus  
  83  10:45  Probe x2 (Chrono Boost)  
  61  10:57  Probe x2 (Chrono Boost)  
  61  11:01  Adept x3  
  61  11:02  Adept  
  69  11:08  Pylon  
  69  11:10  Pylon  
  68  11:18  Colossus  
  68  11:22  Adept  
  68  11:23  Adept x2  
  68  11:24  Adept  
  84  11:33  Probe (Chrono Boost)  
  84  11:34  Probe (Chrono Boost)  
  84  11:45  Assimilator  
  84  11:46  Probe (Chrono Boost)  
  85  11:53  Stalker  
  87  11:54  Stalker  
  87  12:00  Photon Cannon  
  89  12:03  Photon Cannon  
  88  12:19  Adept, Nexus  
  88  12:20  Adept x3  
  80  12:44  Sentry  
  80  12:47  Probe (Chrono Boost)  
  80  12:48  Probe x2 (Chrono Boost)  
  80  12:49  Stalker x3  
  92  13:01  Pylon  
  92  13:03  Pylon  
Tags
 
Add a new tag
Caveats
  • Supply blocks, unpowered buildings, or Contaminate may cause inaccurate times.
  • Supply counts are checked every 10 seconds.